 Dungeon Crawl Stone Soup version 0.29-a0-298-g3c90f9a769 (webtiles) character file.

Game seed: 5767795591260986118

77 Dabor the Stinger (level 4, -5/24 HPs)
             Began as a Deep Elf Venom Mage on Mar 23, 2022.
             Was a Follower of Makhleb.
             Killed from afar by Sigmund (9 damage)
             ... with a magic dart
             ... on level 2 of the Dungeon.
             The game lasted 00:03:19 (3692 turns).

Dabor the Stinger (Deep Elf Venom Mage)             Turns: 3692, Time: 00:03:19

Health: -5/24      AC:  2    Str:  5    XL:     4   Next: 13%
Magic:  3/11       EV: 13    Int: 22    God:    Makhleb [*.....]
Gold:   67         SH:  0    Dex: 15    Spells: 7/10 levels left

rFire   . . .      SeeInvis .   (no weapon)
rCold   . . .      Faith    .   (no shield)
rNeg    . . .      Spirit   .   a - +0 robe
rPois   .          Reflect  .   (no helmet)
rElec   .          Harm     .   (no cloak)
rCorr   .          Rampage  .   (no gloves)
Will    .....                   (no boots)
Stlth   ++........              (no amulet)
HPRegen 0.08/turn               (no ring)
MPRegen 0.12/turn               (no ring)

@: no status effects
A: no striking features
a: Renounce Religion


You were on level 2 of the Dungeon.
You worshipped Makhleb.
Makhleb was aware of your devotion.
You visited 1 branch of the dungeon, and saw 2 of its levels.

You collected 67 gold pieces.

Inventory:

Armour
 a - a +0 robe (worn)
Jewellery
 g - a ring of magical power
Scrolls
 c - 4 scrolls of identify {unknown}
 e - a scroll of teleportation {unknown}
 h - a scroll of amnesia {unknown}
Potions
 b - a potion of magic
 d - a potion of berserk rage {unknown}
 f - 2 potions of resistance {unknown}
 i - a potion of brilliance {unknown}


   Skills:
 + Level 3.2 Dodging
 + Level 3.3 Stealth
 + Level 3.7 Spellcasting
 + Level 2.1 Transmutations
 + Level 3.8 Poison Magic


You had 7 spell levels left.
You knew the following spells:

 Your Spells              Type           Power      Damage    Failure   Level
a - Sting                 Tmut/Pois      68%        1d6       3%          1
b - Poisonous Vapours     Pois/Air       24%        N/A       8%          2

Your spell library contained the following spells:

 Spells                   Type           Power      Damage    Failure   Level
 Mephitic Cloud           Conj/Pois/Air  9%         N/A       21%         3
 Olgreb's Toxic Radiance  Pois           21%        N/A       24%         4


Dungeon Overview and Level Annotations

Branches:
Dungeon (2/15)

Altars:
Makhleb

Annotations:
D:2 Sigmund


Message History

Aiming: Poisonous Vapours (safe; 8% risk of failure)
Press: ? - help, Dir - move target, f/p - Sigmund
Aim: Sigmund, wielding a +0 scythe and wearing a +0 robe (lightly wounded, poisoned) Poisonous vapours surround Sigmund!
Sigmund looks even sicker.
Sigmund drinks a potion.
Sigmund is healed!
Sigmund looks more healthy.
Casting: Poisonous Vapours (safe; 8% risk of failure)
Confirm with . or Enter, or press ? or * to list all spells.
Aiming: Poisonous Vapours (safe; 8% risk of failure)
Press: ? - help, Dir - move target, f/p - Sigmund
Aim: Sigmund, wielding a +0 scythe and wearing a +0 robe You miscast Poisonous Vapours.
You are very lightly contaminated with residual magic.
Nothing appears to happen.
Casting: Poisonous Vapours (safe; 8% risk of failure)
Confirm with . or Enter, or press ? or * to list all spells.
Aiming: Poisonous Vapours (safe; 8% risk of failure)
Press: ? - help, Dir - move target, f/p - Sigmund
Aim: Sigmund, wielding a +0 scythe and wearing a +0 robe Poisonous vapours surround Sigmund!
Sigmund is poisoned.
Casting: Poisonous Vapours (safe; 8% risk of failure)
Confirm with . or Enter, or press ? or * to list all spells.
Aiming: Poisonous Vapours (safe; 8% risk of failure)
Press: ? - help, Dir - move target, f/p - Sigmund
Aim: Sigmund, wielding a +0 scythe and wearing a +0 robe (poisoned) Poisonous vapours surround Sigmund!
Sigmund looks even sicker.
Sigmund mumbles some strange words.
Sigmund flickers and vanishes!
Deactivating autopickup; reactivate with Ctrl-A.
A magic dart appears from out of thin air!
The magic dart hits you!
A puff of flame appears from out of thin air!
The puff of flame hits you.
Your magical contamination has completely faded away.
A magic dart appears from out of thin air!
The magic dart hits you!
* * * LOW HITPOINT WARNING * * *
There is a stone staircase leading up, spattered with blood here.
A magic dart appears from out of thin air!
The magic dart hits you!
You die...

...# #######.....#.....##
...# ##.............##
..## #...............#
#.## #...............#
#..## #..........[....#
....# ###...............#
..#.####.................#
..#.......#....)........##
...........#....@#.....##
.........{..############
..#.........#
............#
..#[........#
..#....[....#
..##.......##
###.........# #.........#


There were no monsters in sight!

Vanquished Creatures
  Terence (D:2)
  An adder (D:2)
  A worm (D:2)
  2 dart slugs
  4 endoplasms
  2 giant cockroaches (D:2)
  2 goblins (D:1)
  3 hobgoblins (D:1)
  3 jackals (D:1)
  3 kobolds
  A quokka (D:1)
  3 ball pythons (D:1)
  3 bats
  3 frilled lizards
  4 rats
36 creatures vanquished.

Notes
Turn   | Place    | Note
-------+----------+-------------------------------------------
     0 | D:1      | Dabor the Deep Elf Venom Mage began the quest for the Orb.
     0 | D:1      | Reached XP level 1. HP: 10/10 MP: 6/6
   303 | D:1      | Reached XP level 2. HP: 15/15 MP: 5/8
  1077 | D:1      | Found a faded altar of an unknown god.
  1257 | D:1      | Prayed at the altar of an unknown god.
  1257 | D:1      | Became a worshipper of Makhleb the Destroyer
  1257 | D:1      | Reached * piety under Makhleb
  1292 | D:2      | Noticed Sigmund
  1299 | D:1      | Learned a level 2 spell: Poisonous Vapours
  2639 | D:2      | Reached XP level 3. HP: 19/19 MP: 6/9
  3429 | D:2      | Noticed Terence
  3441 | D:2      | Killed Terence
  3442 | D:2      | Reached XP level 4. HP: 8/24 MP: 1/11
  3692 | D:2      | Killed from afar by Sigmund

Illustrated notes

Levels and vault maps discovered:
D:1:      sevenhm_arrival_forest_fort_small_3, layout_basic,
          shapermc_ecumenical_altar_mp_vishouse
D:2:      minmay_skewed_foursquare, layout_rooms, dk_noncrumbling_4,
          uniq_terence, uniq_sigmund

Skill      XL: |  1  2  3 |
---------------+----------+-----
Stealth        | 3 |  3.3
Dodging        | 3 |  3.2
Transmutations | 2 |  2.1
Spellcasting   | |  3.7
Poison Magic   | |  3.8

Action                   |  1- 3 |  4- 6 || total
-------------------------+-------+-------++-------
Melee: Unarmed           |       |     3 ||     3
 Cast: Sting             |    92 |     1 ||    93
       Poisonous Vapours |     5 |     4 ||     9
Armor: Robe              |     6 |       ||     6
Dodge: Dodged            |    34 |     2 ||    36

Table legend: (Time is in decaauts)
 A = Elapsed time spent in this place.
 B = Non-inter-level travel time spent in this place.
 C = Inter-level travel time spent in this place.
 D = Time resting spent in this place.
 E = Time spent auto-exploring this place.
 F = Levels seen in this place.
 G = Mean time per level.
                   A        B        C        D        E       F      G
               +--------+--------+--------+--------+--------+-----+--------+
         Total |   3698 |   3576 |    122 |   1394 |   1865 |   2 | 1849.0 |
       Dungeon |   3698 |   3576 |    122 |   1394 |   1865 |   2 | 1849.0 |
               +--------+--------+--------+--------+--------+-----+--------+

Top non-repeatable levels by time:
     D:1: 2713 daAuts
     D:2: 985 daAuts
